 Dungeon Crawl Stone Soup version 0.30-a0-1112-gfb780f5df6 (webtiles) character file.

Game seed: 11264329256249692872

14567 LustLizard the Zephyrmancer (level 11, -1/57 HPs)
             Began as a Deep Elf Air Elementalist on Apr 20, 2023.
             Was a High Priest of Hepliaklqana.
             Slain by a centaur warrior simulacrum (25 damage)
             ... in a Gauntlet.
             The game lasted 00:30:18 (15495 turns).

LustLizard the Zephyrmancer (DEAE)                 Turns: 15495, Time: 00:30:19

Health: -1/57      AC: 21    Str: 12    XL:     11   Next: 90%
Magic:  18/26      EV: 13    Int: 27    God:    Hepliaklqana [*****.]
Gold:   738        SH:  0    Dex: 15    Spells: 5/28 levels left

rFire   . . .      SeeInvis .    r - +0 dagger (speed)
rCold   . . .      Faith    .    (no shield)
rNeg    + + .      Spirit   .    a - +2 ring mail {rN+}
rPois   .          Reflect  .    h - +0 helmet
rElec   .          Rampage  .    W - +1 cloak
rCorr   .          NoTele   +    A - +4 pair of gloves of Fortification {Contam rN+ Will+ Str+3}
Will    ++...                    B - +0 pair of boots
Stlth   +++                      R - amulet of the acrobat
HPRegen 0.29/turn                P - +4 ring of protection
MPRegen 0.20/turn                k - +6 ring of intelligence

@: no status effects
A: reduced essence
a: Renounce Religion, Recall Ancestor, Ancestor Identity, Transference, Idealise


You were in a Gauntlet.
You worshipped Hepliaklqana.
Hepliaklqana was extremely pleased with you.
You visited 1 branch of the dungeon, and saw 12 of its levels.
You also visited: Gauntlet.

You collected 738 gold pieces.

Inventory:

Hand Weapons
 r - a +0 dagger of speed (weapon)
Armour
 a - a +2 ring mail of positive energy (worn)
 h - a +0 helmet (worn)
 z - a +0 buckler
 A - the +4 pair of gloves of Fortification (worn) {Contam rN+ Will+ Str+3}
   (You found it on level 4 of the Dungeon)

   Str:       It affects your strength (+3).
   rN:        It protects you from negative energy.
   Contam:    It causes magical contamination when unequipped.
   Will:      It increases your willpower.
 B - a +0 pair of boots (worn)
 D - +0 steam dragon scales
 K - a +2 leather armour of cold resistance
 W - a +1 cloak (worn)
Magical Staves
 U - a staff of fire
Jewellery
 e - a ring of poison resistance
 k - a +6 ring of intelligence (right hand)
 E - a ring of fire
 G - a ring of positive energy
 P - a +4 ring of protection (left hand)
 R - an amulet of the acrobat (around neck)
 T - a +6 ring of strength
Wands
 o - a wand of flame (2)
 v - a wand of iceblast (6)
 C - a wand of charming (7) (quivered)
 L - a wand of digging (8)
 N - a wand of mindburst (5)
Scrolls
 c - 3 scrolls of fog
 d - a scroll of amnesia
 i - 5 scrolls of teleportation
 l - 3 scrolls of magic mapping
 u - 2 scrolls of immolation
 y - 2 scrolls of brand weapon
 F - 2 scrolls of enchant weapon {unknown}
 I - a scroll of fear {unknown}
 O - a scroll of noise {unknown}
 V - a scroll of blinking {unknown}
 X - a scroll of vulnerability {unknown}
Potions
 b - 3 potions of magic
 f - 4 potions of curing
 g - a potion of berserk rage {unknown}
 j - a potion of experience {unknown}
 m - 4 potions of mutation
 n - 2 potions of cancellation {unknown}
 p - a potion of heal wounds {unknown}
 q - a potion of brilliance {unknown}
 s - 2 potions of might {unknown}
 t - 2 potions of attraction {unknown}
 w - a potion of haste {unknown}
 x - 3 potions of invisibility
 J - 2 potions of flight {unknown}
 M - a potion of degeneration {unknown}
Miscellaneous
 H - a tin of tremorstones (2/2)
 Q - a lightning rod (4/4)


   Skills:
 + Level 5.3 Fighting
 + Level 3.4 Armour
 + Level 5.8 Dodging
 + Level 9.0 Stealth
 + Level 3.4 Shields
 + Level 9.3 Spellcasting
 - Level 9.5 Conjurations
 * Level 3.9 Fire Magic
 * Level 10.0 Air Magic
 + Level 2.5 Invocations
 + Level 2.6 Evocations


You had 5 spell levels left.
You knew the following spells:

 Your Spells              Type           Power      Damage    Failure   Level
a - Shock                 Conj/Air       100%       1d9       1%          1
c - Swiftness             Air            61%        N/A       1%          3
d - Airstrike             Air            30%        2d(5-21)  1%          4
e - Plasma Beam           Fire/Air       25%        2x1d41    65%         6
f - Arcjolt               Conj/Air       30%        1d40      4%          5
g - Summon Lightning Spi  Summ/Air       39%        N/A       13%         4

Your spell library contained the following spells:

 Spells                   Type           Power      Damage    Failure   Level
 Static Discharge         Conj/Air       100%       2-7/arc   1%          2
 Cigotuvi's Dreadful Rot  Necr/Pois/Air  60%        N/A       3%          2
 Vhi's Electric Charge    Tloc/Air       78%        N/A       3%          3
 Hailstorm                Conj/Ice       38%        3d9       4%          3
 Stone Arrow              Conj/Erth      76%        3d11      4%          3
 Beastly Appendage        Tmut           24%        N/A       10%         1
 Freeze                   Ice            48%        1d6       10%         1
 Sandblast                Erth           24%        2d8       10%         1
 Inner Flame              Hex/Fire       23%        N/A       13%         3
 Ensorcelled Hibernation  Hex/Ice        24%        N/A       16%         2
 Passwall                 Tmut/Erth      10%        N/A       16%         2
 Wereblood                Tmut           12%        N/A       16%         2
 Frozen Ramparts          Ice            24%        1d4       30%         3
 Spider Form              Tmut/Pois      12%        N/A       30%         3
 Dispel Undead            Necr           12%        3d9       69%         4
 Death Channel            Necr           6%         N/A       100%        6
 Storm Form               Tmut/Air       19%        N/A       100%        7
 Ignition                 Fire           16%        3d7       100%        8
 Maxwell's Capacitive Co  Air            30%        ∞         100%        8


Dungeon Overview and Level Annotations

Branches:
Dungeon (12/15)            Temple (0/1) D:6            Lair (0/5) D:11
Gauntlet (1/1)
    Orc: D:9-12

Altars:
Hepliaklqana
Kikubaaqudgha
Makhleb
Sif Muna
Xom
Yredelemnul
The Shining One

Shops:
D:4 *   D:6 [(=   D:7 :

Annotations:
Gauntlet 13 transporters


Message History

Confirm with . or Enter, or press ? or * to list all spells.
Okay, then.
As you read the scroll labelled ZUYCRO YFONOICH, it crumbles to dust.
It is a scroll of amnesia.
Forget Static Discharge, freeing 2 spell levels for a total of 5?
Your memory of Static Discharge unravels.
You enter the transporter and appear at another place.
The centaur warrior simulacrum hits you but does no damage.
The centaur warrior simulacrum kicks you but does no damage.
The centaur warrior simulacrum misses you.
The centaur warrior simulacrum kicks you but does no damage.
The cane toad simulacrum hits you but does no damage.
You swap places.
Kheti hits the centaur warrior simulacrum with a +0 flail!
The centaur warrior simulacrum misses you.
The centaur warrior simulacrum closely misses you.
Kheti blocks the cane toad simulacrum's attack.
Unknown command.
Casting: Airstrike (dangerous; 1% risk of failure)
Confirm with . or Enter, or press ? or * to list all spells.
Aiming: Airstrike (dangerous; 1% risk of failure)
Press: ? - help, Dir - move target, f - centaur warrior simulacrum
Aim: a centaur warrior simulacrum (empty space bonus: 6/8)
The air twists around and strikes the centaur warrior simulacrum!!
The centaur warrior simulacrum is severely damaged.
The centaur warrior simulacrum hits you!
The centaur warrior simulacrum freezes you!!
The centaur warrior simulacrum kicks you but does no damage.
Kheti blocks the cane toad simulacrum's attack.
Kheti hits the centaur warrior simulacrum with a +0 flail.
Casting: Airstrike (dangerous; 1% risk of failure)
Confirm with . or Enter, or press ? or * to list all spells.
Aiming: Airstrike (dangerous; 1% risk of failure)
Press: ? - help, Dir - move target, f/p - centaur warrior simulacrum
Aim: a centaur warrior simulacrum (severely damaged, empty space bonus: 3/8)
The air twists around and strikes the centaur warrior simulacrum!
The centaur warrior simulacrum is almost destroyed.
The centaur warrior simulacrum hits you.
The centaur warrior simulacrum freezes you!!
You die...

#################
#≈.............≈#
###...............###
#8#..###########..#8#
###..#.........#..###
#....#.##...##.#....#
#....#.#.#Z#Z#$#....#
#..###..##Z##..###..# ##
###..#©#.Z#ZR@#.©#©#..### ### 8#
#8#..#.#..##.##.=#.#..#8# #8#
######..#.#.#.#.#.#.#.#..########
........#.#.##...##.#.#..........
........#.#.........#.#..........
#########.###########.#########..
#©........#≈≈≈≈8≈≈§≈#........©#..
#########.###########.###########
.©..^.#.#.#yy©.≈....#.#.#hh......


You could see the friendly Kheti the knight, a cane toad simulacrum and 3
centaur warrior simulacra.

Vanquished Creatures
  2 two-headed ogres (D:10)
  A death scarab (Gauntlet)
  Pikel (D:6)
  Joseph (D:7)
  A gargoyle (D:11)
  A komodo dragon (D:10)
  Psyche (D:8)
  A slime creature (D:12)
  Sigmund (D:6)
  3 wraiths
  11 yaks
  3 steam dragons
  2 vampire mosquitoes (D:12)
  2 water moccasins
  A black bear (D:7)
  2 orc warriors (D:8)
  6 ice beasts
  2 ogres
  3 centaurs
  A lemure (D:5)
  4 phantoms
  A scorpion (D:4)
  2 bullfrogs (D:8)
  2 wyvern zombies (D:6)
  A water moccasin zombie (D:6)
  14 wights
  2 electric eels (D:10)
  2 bullfrog zombies (D:6)
  3 jellies
  6 hounds
  Crazy Yiuf (D:7)
  2 orc priests
  A gnoll bouda (D:7)
  A sleepcap (D:4)
  7 orc wizards
  A killer bee zombie (D:6)
  Robin (D:2)
  8 adders
  2 gnolls (D:7)
  A shadow imp (D:6)
  A white imp (D:8)
  A worm (D:2)
  3 dart slugs
  27 orcs
  6 ball pythons
  8 endoplasms
  3 giant cockroaches
  15 goblins
  9 hobgoblins
  4 jackals
  3 kobolds
  7 quokkas
  4 bats
  4 frilled lizards
  7 rats
210 creatures vanquished.

Vanquished Creatures (collateral kills)
  A two-headed ogre (D:11)
  Nergalle (D:11)
  A vampire (D:11)
  2 slime creatures (D:12)
  A wyvern (D:9)
  13 yaks
  2 vampire mosquitoes (D:12)
  A spectral cane toad (Gauntlet)
  A centaur (D:8)
  2 lemures
  A bullfrog (D:7)
  2 wights (D:9)
  A bullfrog zombie (D:6)
  A jelly (D:7)
  An orc wizard (D:8)
  An adder (D:6)
  A gnoll (D:7)
  3 orcs
36 creatures vanquished.

Vanquished Creatures (others)
  A manticore (D:12)
  A human (D:6)
  6 knights
  An ancestor (D:6)
  4 plants (D:4)
  3 withered plants (Gauntlet)
16 creatures vanquished.

Grand Total: 262 creatures vanquished

Notes
Turn   | Place    | Note
-------+----------+-------------------------------------------
     0 | D:1      | LustLizard the Deep Elf Air Elementalist began the quest
                  | for the Orb.
     0 | D:1      | Reached XP level 1. HP: 10/10 MP: 6/6
   210 | D:1      | Reached XP level 2. HP: 8/15 MP: 2/8
   508 | D:1      | Found a faded altar of an unknown god.
   990 | D:1      | Reached XP level 3. HP: 20/20 MP: 2/9
  1075 | D:1      | Learned a level 2 spell: Static Discharge
  1092 | D:1      | Learned a level 3 spell: Swiftness
  1291 | D:2      | Noticed Robin
  1299 | D:2      | Killed Robin
  1458 | D:2      | Reached XP level 4. HP: 20/24 MP: 0/11
  1684 | D:2      | Found a glowing golden altar of the Shining One.
  1921 | D:2      | Reached skill level 1 in Fighting
  2483 | D:3      | Learned a level 4 spell: Airstrike
  2503 | D:3      | Reached XP level 5. HP: 29/29 MP: 7/12
  2725 | D:3      | Found a shimmering blue altar of Sif Muna.
  2831 | D:3      | Reached skill level 4 in Air Magic
  2992 | D:3      | Found a shimmering altar of Xom.
  3469 | D:4      | Found a hazy altar of Hepliaklqana.
  3474 | D:4      | Identified the +2 trident "Nenikhukh" {antimagic, rPois rC-
                  | Dex+7}
  3479 | D:4      | Became a worshipper of Hepliaklqana the Forgotten
  3582 | D:4      | Found Waicala's Gadget Gallery.
  3820 | D:4      | Noticed a phantom
  3826 | D:4      | Killed a phantom
  3827 | D:4      | Reached XP level 6. HP: 31/34 MP: 6/14
  4516 | D:4      | Identified the +4 pair of gloves of Fortification {Contam
                  | rN+ Will+ Str+3}
  4689 | D:5      | Entered Level 5 of the Dungeon
  4837 | D:5      | Reached XP level 7. HP: 39/39 MP: 11/15
  5081 | D:5      | Reached * piety under Hepliaklqana
  5139 | D:5      | Reached skill level 5 in Air Magic
  5408 | D:5      | Reached skill level 5 in Spellcasting
  5951 | D:5      | Reached skill level 5 in Conjurations
  6117 | D:5      | Noticed a steam dragon
  6119 | D:5      | Killed a steam dragon
  6120 | D:5      | Reached skill level 5 in Stealth
  6279 | D:5      | Reached XP level 8. HP: 40/40 MP: 11/18
  6700 | D:6      | Noticed Pikel
  6830 | D:6      | Reached skill level 6 in Air Magic
  6967 | D:6      | Killed Pikel
  7128 | D:6      | Found Qujuh's Weapon Shop.
  7134 | D:6      | Reached ** piety under Hepliaklqana
  7135 | D:6      | Remembered your ancestor Kheti as a knight
  7144 | D:6      | Found a staircase to the Ecumenical Temple.
  7319 | D:6      | Found an ancient bone altar of Kikubaaqudgha.
  7338 | D:6      | Noticed Sigmund
  7341 | D:6      | Killed Sigmund
  7431 | D:6      | Found Repycvuh's Antique Armour Shoppe.
  7446 | D:6      | Found Wuicker's Jewellery Emporium.
  7516 | D:6      | Reached skill level 7 in Air Magic
  7516 | D:6      | Reached XP level 9. HP: 36/45 MP: 6/20
  7742 | D:6      | Found a basalt altar of Yredelemnul.
  8407 | D:7      | Found Uhyg Huroz's Book Emporium.
  8951 | D:7      | Found a runed translucent door.
  8952 | D:7      | Noticed Crazy Yiuf
  9131 | D:7      | Noticed Joseph
  9134 | D:7      | Killed Joseph
  9135 | D:7      | Reached skill level 1 in Armour
  9135 | D:7      | Reached skill level 8 in Air Magic
  9299 | D:7      | Reached skill level 1 in Shields
  9540 | D:7      | Killed Crazy Yiuf
  9694 | D:8      | You fall into a shaft and drop 3 floors!
  9707 | D:11     | Found a staircase to the Lair.
  9749 | D:11     | Noticed a gargoyle
  9793 | D:11     | Reached *** piety under Hepliaklqana
  9801 | D:11     | Reached XP level 10. HP: 51/51 MP: 6/23
  9934 | D:11     | Noticed a two-headed ogre
  9938 | D:11     | Killed a two-headed ogre
 10231 | D:10     | Entered Level 10 of the Dungeon
 10551 | D:9      | Reached skill level 9 in Air Magic
 11005 | D:8      | Reached XP level 11. HP: 55/55 MP: 0/25
 11343 | D:8      | Got the Textbook on Turbulent Fire
 11382 | D:8      | Learned a level 6 spell: Plasma Beam
 11388 | D:8      | Learned a level 5 spell: Arcjolt
 11393 | D:8      | Learned a level 4 spell: Summon Lightning Spire
 11626 | D:8      | Reached **** piety under Hepliaklqana
 11782 | D:8      | Noticed Psyche
 11786 | D:8      | Killed Psyche
 11984 | D:9      | Reached skill level 1 in Fire Magic
 11989 | D:9      | Reached skill level 5 in Dodging
 12702 | D:10     | Reached skill level 5 in Fighting
 12702 | D:10     | Reached skill level 1 in Invocations
 12781 | D:10     | Reached skill level 1 in Evocations
 12988 | D:10     | Found a burning altar of Makhleb.
 13111 | D:10     | Noticed a two-headed ogre
 13120 | D:10     | Killed a two-headed ogre
 13386 | D:10     | Noticed a two-headed ogre
 13390 | D:10     | Killed a two-headed ogre
 14374 | D:11     | Reached ***** piety under Hepliaklqana
 14432 | D:11     | Noticed Nergalle
 14446 | D:11     | Killed Nergalle
 14656 | D:12     | Found a shimmering altar of Xom.
 14828 | D:12     | Noticed a boulder beetle
 14866 | D:12     | Found a gate leading to a gauntlet.
 14958 | Gauntlet | Entered a Gauntlet
 14958 | Gauntlet | Found a transporter.
 14958 | Gauntlet | Found a transporter.
 15033 | Gauntlet | Noticed a death scarab
 15036 | Gauntlet | Found a transporter.
 15051 | Gauntlet | Found a transporter.
 15067 | Gauntlet | Found a transporter.
 15080 | Gauntlet | Found a transporter.
 15098 | Gauntlet | Found a transporter.
 15171 | Gauntlet | Found a transporter.
 15182 | Gauntlet | Found a transporter.
 15200 | Gauntlet | Found a transporter.
 15212 | Gauntlet | Found a transporter.
 15222 | Gauntlet | Noticed an entropy weaver
 15231 | Gauntlet | Found a transporter.
 15302 | Gauntlet | Found a transporter.
 15312 | Gauntlet | Found a transporter.
 15320 | Gauntlet | Found a transporter.
 15330 | Gauntlet | Found a transporter.
 15375 | Gauntlet | Killed a death scarab
 15376 | Gauntlet | Reached skill level 10 in Air Magic
 15495 | Gauntlet | Slain by a centaur warrior simulacrum

Illustrated notes

Levels and vault maps discovered:
D:1:      dpeg_arrival_round_a, layout_rooms, chequers_ecumenical_altar_island,
          corexii_item_surrounded_by_moat
D:2:      layout_loops_ring, basic_altar, uniq_robin
D:3:      layout_basic, mainiacjoe_overflow_surrounded_room,
          mainiacjoe_overflow_alcove_2
D:4:      kb_forest_paths, layout_basic, nicolae_hepliaklqana_hazy_memory,
          nicolae_shop_gadgets
D:5:      layout_layer_cave
D:6:      layout_cave_pools, tgw_kikubaaqudgha,
          nicolae_yredelemnul_corpse_copse, minmay_temple_entry_hall,
          serial_shops, nicolae_shop_waterfront, nicolae_shop_tiny_waterfront,
          shop, uniq_pikel, uniq_sigmund
D:7:      layout_loops_cross, serial_shops, shop,
          chequers_serial_rivers_small_a, uniq_crazy_yiuf_cottage, uniq_joseph
D:8:      layout_gridville, enter_bailey_2, uniq_psyche
D:9:      layout_irregular_city, serial_glass, glass_columns_a, glass_columns_b
D:10:     layout_basic, old_standard_altar
D:11:     layout_gridville, lair_entry_dummy, uniq_nergalle
D:12:     layout_basic, david_orc_2, gauntlet_entry_generic, special_room
          [special_room_orc], st_stairs_10, brannock_xom_greatest_gift,
          uniq_sonja
Gauntlet: gammafunk_gauntlet_branching [gammafunk_gauntlet_arena_mazey,
          gammafunk_gauntlet_arena_chambers, gammafunk_gauntlet_arena_corners,
          nicolae_gauntlet_arena_flowing_pool, gammafunk_gauntlet_arena_open,
          gammafunk_gauntlet_arena_crates, gammafunk_gauntlet_arena_teeth,
          nicolae_gauntlet_arena_blocks, dreamdust_gauntlet_exit_labyrinth]

Skill      XL: |  1  2  3  4  5  6  7  8  9 10 11 |
---------------+----------------------------------+-----
Conjurations   | 2 3 4 5 6 8 9 |  9.5
Stealth        | 3 4 5 6 7 8 9 |  9.0
Fighting       | 1 2 3 4 5 |  5.3
Air Magic      | 4 5 7 8 9 10 | 10.0
Spellcasting   | 4 5 6 7 8 9 |  9.3
Armour         | 1 2 3 |  3.4
Dodging        | 3 4 5 |  5.8
Shields        | 1 2 3 |  3.4
Fire Magic     | 3 |  3.9
Invocations    | 2 |  2.5
Evocations     | 2 |  2.6

Action                     |  1- 3 |  4- 6 |  7- 9 | 10-12 || total
---------------------------+-------+-------+-------+-------++-------
  Melee: Dagger            |     6 |       |     5 |    18 ||    29
         Punch             |       |       |       |     1 ||     1
  Throw: Throwing net      |       |       |       |     1 ||     1
   Cast: Shock             |    95 |   110 |   184 |   163 ||   552
         Static Discharge  |     1 |    11 |    17 |     5 ||    34
         Airstrike         |       |       |    44 |    94 ||   138
         Summon Lightning  |       |       |       |     1 ||     1
 Invoke: Recall Ancestor   |       |       |     2 |     4 ||     6
         Ancestor Life: Kn |       |       |     1 |       ||     1
  Evoke: Wand              |       |       |       |     2 ||     2
    Use: Scroll            |       |     1 |     2 |     7 ||    10
   Stab: Distracted        |       |       |       |     1 ||     1
 Armour: Robe              |     4 |     3 |     1 |       ||     8
         Steam dragon scal |       |       |     3 |       ||     3
         Ring mail         |       |       |    15 |    31 ||    46
  Dodge: Dodged            |    21 |     4 |    26 |    39 ||    90

Table legend: (Time is in decaauts)
 A = Elapsed time spent in this place.
 B = Non-inter-level travel time spent in this place.
 C = Inter-level travel time spent in this place.
 D = Time resting spent in this place.
 E = Time spent auto-exploring this place.
 F = Levels seen in this place.
 G = Mean time per level.
                   A        B        C        D        E       F      G
               +--------+--------+--------+--------+--------+-----+--------+
         Total |  15500 |  15124 |    376 |    985 |  11807 |  13 | 1192.3 |
       Dungeon |  14964 |  14588 |    376 |    977 |  11388 |  12 | 1247.0 |
      Gauntlet |    535 |    535 |      0 |      8 |    419 |   1 |  535.0 |
               +--------+--------+--------+--------+--------+-----+--------+

Top non-repeatable levels by time:
     D:5: 2123 daAuts
     D:7: 1613 daAuts
    D:11: 1396 daAuts
     D:2: 1353 daAuts
    D:10: 1347 daAuts
     D:4: 1250 daAuts
     D:6: 1203 daAuts
     D:8: 1200 daAuts
     D:9: 1107 daAuts
     D:1: 1090 daAuts
     D:3: 997 daAuts
Gauntlet: 535 daAuts
    D:12: 279 daAuts
